 Dungeon Crawl Stone Soup version 0.28-a0-793-g31680bbd8b (webtiles) character file.

Game seed: 14561960530771597074

3591 bande the Cleaver (level 10, -5/61 HPs)
             Began as a Gargoyle Fighter on Nov 5, 2021.
             Was a Priest of Okawaru.
             Slain by a two-headed ogre (15 damage)
             ... on level 8 of the Dungeon.
             The game lasted 00:16:38 (8152 turns).

bande the Cleaver (Gargoyle Fighter)                Turns: 8152, Time: 00:16:38

Health: -5/61      AC: 22    Str: 20    XL:     10   Next: 10%
Magic:  13/13      EV: 11    Int: 10    God:    Okawaru [***...]
Gold:   388        SH: 11    Dex: 17    Spells: 9/9 levels left

rFire   . . .      SeeInvis .   a - +0 war axe (vamp)
rCold   . . .      Faith    .   c - +0 buckler
rNeg    + . .      Spirit   .   k - +0 chain mail
rPois   ∞          Reflect  +   g - +1 helmet
rElec   +          Harm     .   u - +0 cloak
rCorr   .          Rampage  .   (no gloves)
Will    .....                   q - +0 pair of boots
Stlth   ..........              l - amulet of reflection
HPRegen 0.20/turn               i - +4 ring of evasion
MPRegen 0.13/turn               y - +6 ring of dexterity

@: no status effects
A: sickness immunity, AC +7, negative energy resistance 1, electricity
resistance, torment resistance 1, petrification resistance
a: Renounce Religion, Heroism


You were on level 8 of the Dungeon.
You worshipped Okawaru.
Okawaru was most pleased with you.
You visited 2 branches of the dungeon, and saw 10 of its levels.
You also visited: Sewer.

You collected 388 gold pieces.

Inventory:

Hand Weapons
 a - a +0 vampiric war axe (weapon)
 t - a +0 flail
Armour
 c - a +0 buckler (worn)
 g - a +1 helmet (worn)
 k - a +0 chain mail (worn)
 q - a +0 pair of boots (worn)
 u - a +0 cloak (worn)
Jewellery
 i - a +4 ring of evasion (left hand)
 l - an amulet of reflection (around neck)
 w - a ring of fire
 x - a +6 ring of strength
 y - a +6 ring of dexterity (right hand)
Wands
 s - a wand of digging (6)
Scrolls
 e - 4 scrolls of identify
 h - a scroll of fear
 j - 4 scrolls of amnesia
 r - 4 scrolls of enchant armour
 v - 2 scrolls of teleportation
Potions
 b - 3 potions of heal wounds
 d - 4 potions of might
 f - 2 potions of haste
 m - a potion of ambrosia
 n - 3 potions of curing
 o - a potion of magic
 p - 3 potions of flight


   Skills:
 + Level 6.3 Fighting
 + Level 8.2 Axes
 + Level 6.1 Armour
 - Level 0.1 Dodging
 + Level 7.0 Shields
 * Level 4.9 Invocations
 * Level 4.1 Evocations


You had 9 spell levels left.
You didn't know any spells.
Your spell library contained the following spells:

 Spells                   Type           Power      Damage    Failure   Level
 Blade Hands              Tmut           0%         N/A       100%        5
 Irradiate                Conj/Tmut      0%         3d14      100%        5
 Dragon Form              Tmut           0%         N/A       100%        7
 Summon Small Mammal      Summ           Unusable   N/A       N/A         1
 Call Canine Familiar     Summ           Unusable   N/A       N/A         3
 Summon Guardian Golem    Hex/Summ       Unusable   N/A       N/A         3

Dungeon Overview and Level Annotations

Branches:
Dungeon (9/15)             Temple (1/1) D:4           Sewer (visited)
   Lair: D:8-11         Orc: D:9-12

Altars:
Ashenzari
Dithmenos
Elyvilon
Gozag
Hepliaklqana
Nemelex Xobeh
Okawaru
Qazlal
Ru
Sif Muna
Trog
Uskayaw
Xom
Yredelemnul
Zin
The Shining One


Innate Abilities, Weirdness & Mutations

You are immune to sickness and miasma.
Your stone body is resilient. (AC +7)
You are immune to poison.
You resist negative energy. (rN+)
You are resistant to electric shocks. (rElec)
You are resistant to unholy torment.
You are immune to petrification.


Message History

The hornet stings you but does no damage.
The hornet barely misses you.
You slash the hornet!
You kill the hornet!
Okawaru accepts your kill.
Your Shields skill increases to level 7!
You barely miss the two-headed ogre.
The two-headed ogre hits you but does no damage.
You block the two-headed ogre's attack.
You barely miss the two-headed ogre.
The two-headed ogre hits you with a +0 giant spiked club!
You block the two-headed ogre's attack.
You slash the two-headed ogre!
You feel better.
The two-headed ogre is moderately wounded.
You block the two-headed ogre's attack.
The two-headed ogre hits you but does no damage.
You hit the two-headed ogre but do no damage.
The two-headed ogre is moderately wounded.
The two-headed ogre barely misses you.
The two-headed ogre hits you with a +0 giant club!
You barely miss the two-headed ogre.
The two-headed ogre is moderately wounded.
The two-headed ogre barely misses you.
The two-headed ogre hits you with a +0 giant club.
You hit the two-headed ogre.
The two-headed ogre is moderately wounded.
You slash the two-headed ogre!
You feel better.
The two-headed ogre is heavily wounded.
The two-headed ogre hits you but does no damage.
You block the two-headed ogre's attack.
You hit the two-headed ogre.
You feel better.
The two-headed ogre is severely wounded.
The two-headed ogre hits you with a +0 giant spiked club!!
The two-headed ogre hits you but does no damage.
You barely miss the two-headed ogre.
The two-headed ogre is severely wounded.
The two-headed ogre hits you with a +0 giant spiked club!
* * * LOW HITPOINT WARNING * * *
The two-headed ogre hits you with a +0 giant club!
You die...

...........#
...........#
...........#
...........##
............#
............#
......O....{#
.........##O#
.........##@#
Y$......###........
........# .........
##.....##..########
###### ..# .## .#
##


You could see a two-headed ogre.

Vanquished Creatures
  2 hornets
  Grinder (D:3)
  2 black bears
  An ice beast (D:5)
  3 sky beasts
  3 ogres
  3 necrophages
  A centaur (D:5)
  2 phantoms
  5 bullfrogs
  2 kobold brigands
  2 water moccasin zombies
  5 scorpions
  A wyvern skeleton (D:7)
  3 wights (D:7)
  A howler monkey (D:5)
  Crazy Yiuf (D:3)
  2 hounds
  A centaur zombie (D:7)
  A jelly (D:3)
  A bullfrog skeleton (D:5)
  A centaur skeleton (D:4)
  Jessica (D:3)
  An iguana (D:5)
  An orc wizard (D:5)
  A scorpion zombie (D:5)
  Robin (D:3)
  4 gnolls
  8 adders
  2 shadow imps (D:6)
  A worm (D:3)
  4 dart slugs
  16 orcs
  11 ball pythons
  6 endoplasms
  3 giant cockroaches
  16 goblins
  14 hobgoblins
  11 jackals
  6 quokkas
  6 bats
  A frilled lizard (D:1)
  19 kobolds
  13 rats
  A butterfly (D:4)
191 creatures vanquished.

Vanquished Creatures (others)
  20 plants (D:5)
20 creatures vanquished.

Grand Total: 211 creatures vanquished

Notes
Turn   | Place    | Note
-------+----------+-------------------------------------------
     0 | D:1      | bande the Gargoyle Fighter began the quest for the Orb.
     0 | D:1      | Reached XP level 1. HP: 14/14 MP: 1/1
    20 | D:1      | Reached XP level 2. HP: 9/19 MP: 2/2
   351 | D:1      | Reached skill level 2 in Axes
   800 | D:1      | Reached XP level 3. HP: 24/24 MP: 3/3
   852 | D:1      | Found a faded altar of an unknown god.
  2082 | D:2      | Reached XP level 4. HP: 28/29 MP: 4/4
  2661 | D:2      | Reached skill level 3 in Axes
  2857 | D:2      | Reached XP level 5. HP: 33/33 MP: 5/5
  3131 | D:3      | Found a runed translucent door.
  3132 | D:3      | Noticed Crazy Yiuf
  3244 | D:3      | Noticed Jessica
  3253 | D:3      | Killed Jessica
  3500 | D:3      | Reached XP level 6. HP: 38/38 MP: 6/6
  3720 | D:3      | Noticed Grinder
  3729 | D:3      | Paralysed by Grinder for 3 turns
  3741 | D:3      | Killed Grinder
  3742 | D:3      | Reached skill level 4 in Axes
  3742 | D:3      | Reached XP level 7. HP: 31/44 MP: 7/7
  4200 | D:3      | Reached skill level 5 in Armour
  4314 | D:3      | Noticed Robin
  4335 | D:3      | Killed Robin
  4471 | D:3      | Killed Crazy Yiuf
  4605 | D:4      | Found a glowing drain.
  4609 | Sewer    | Entered a sewer
  4697 | Sewer    | Reached skill level 5 in Axes
  4723 | Sewer    | Found a glowing silver altar of Zin.
  4836 | D:4      | Found a staircase to the Ecumenical Temple.
  4848 | Temple   | Entered the Ecumenical Temple
  4892 | Temple   | Became a worshipper of Warmaster Okawaru
  4976 | D:4      | Reached skill level 5 in Shields
  5250 | D:4      | Reached skill level 1 in Invocations
  5367 | D:4      | Reached skill level 5 in Fighting
  5367 | D:4      | Reached skill level 1 in Evocations
  5367 | D:4      | Reached XP level 8. HP: 49/49 MP: 7/9
  5827 | D:4      | Reached * piety under Okawaru
  5839 | D:5      | Entered Level 5 of the Dungeon
  5994 | D:5      | Reached skill level 6 in Axes
  6324 | D:5      | Reached ** piety under Okawaru
  6325 | D:5      | Reached XP level 9. HP: 54/54 MP: 11/11
  6725 | D:6      | Reached skill level 7 in Axes
  7295 | D:6      | Reached *** piety under Okawaru
  7632 | D:7      | Noticed a hornet
  7650 | D:7      | Killed a hornet
  7923 | D:7      | Reached skill level 8 in Axes
  7923 | D:7      | Reached XP level 10. HP: 54/60 MP: 13/13
  8099 | D:7      | Found a white marble altar of Elyvilon.
  8102 | D:7      | You fall into a shaft and drop 2 floors!
  8130 | D:8      | Noticed a two-headed ogre
  8152 | D:8      | Slain by a two-headed ogre

Illustrated notes

Levels and vault maps discovered:
D:1:      dpeg_arrival_pits, layout_basic, chequers_ecumenical_altar_twisty,
          minivault_25, dk_noncrumbling_2, amcnicky_mini_pool_small,
          minmay_liquid_box, minmay_hexomino_f4
D:2:      layout_rooms
D:3:      kennysheep_goblin_castle, layout_basic, chequers_arboretum,
          minmay_ruptured, uniq_grinder, uniq_jessica, uniq_crazy_yiuf_cottage
D:4:      layout_basic, minmay_temple_entry_butterflies, gup_sewer_entry_bowl,
          grunt_tough_drop
D:5:      layout_rooms, kennysheep_donut, serial_bayou_lake_a
D:6:      layout_loops_ring
D:7:      layout_gridville, nicolae_elyvilon_peaceful_grove,
          grunt_decor_resistance
D:8:      layout_cave_pods, uniq_psyche
D:9:      layout_roguey, kennysheep_generic_room_7
Temple:   kilobyte_greek_temple

Skill      XL: |  1  2  3  4  5  6  7  8  9 10 |
---------------+-------------------------------+-----
Axes           | 2 3 4 5 6 8 |  8.2
Armour         | 4 5 6 |  6.1
Fighting       | 4 5 6 |  6.3
Shields        | 4 5 6 7 |  7.0
Invocations    | 1 3 4 |  4.9
Evocations     | 1 2 3 4 |  4.1
Dodging        | |  0.1

Action                   |  1- 3 |  4- 6 |  7- 9 | 10-12 || total
-------------------------+-------+-------+-------+-------++-------
Melee: War axe           |   138 |   116 |   523 |    22 ||   799
  Use: Scroll            |       |     8 |     8 |     1 ||    17
Armor: Scale mail        |    19 |       |       |       ||    19
       Chain mail        |    73 |    52 |   308 |    10 ||   443
Dodge: Dodged            |    98 |    68 |   237 |     6 ||   409
Block: Buckler           |    57 |    71 |   298 |    11 ||   437
       Reflection        |       |     6 |     4 |       ||    10

Table legend: (Time is in decaauts)
 A = Elapsed time spent in this place.
 B = Non-inter-level travel time spent in this place.
 C = Inter-level travel time spent in this place.
 D = Time resting spent in this place.
 E = Time spent auto-exploring this place.
 F = Levels seen in this place.
 G = Mean time per level.
                   A        B        C        D        E       F      G
               +--------+--------+--------+--------+--------+-----+--------+
         Total |   8438 |   8245 |    193 |   1938 |   4129 |  11 |  767.1 |
       Dungeon |   8092 |   7918 |    174 |   1938 |   3974 |   9 |  899.1 |
        Temple |     76 |     57 |     19 |      0 |     38 |   1 |   76.0 |
         Sewer |    269 |    269 |      0 |      0 |    117 |   1 |  269.0 |
               +--------+--------+--------+--------+--------+-----+--------+

Top non-repeatable levels by time:
     D:1: 2433 daAuts
     D:3: 1604 daAuts
     D:4: 1019 daAuts
     D:6: 967 daAuts
     D:5: 901 daAuts
     D:2: 640 daAuts
     D:7: 474 daAuts
   Sewer: 269 daAuts
  Temple: 76 daAuts
     D:9: 26 daAuts
     D:8: 24 daAuts
